 Dungeon Crawl Stone Soup version 0.32-a0-814-g0968bab981 (webtiles) character file.

Game seed: 8735868600632013573

3257 Orlauf the Fighter (level 9, -3/75 HPs)
             Began as a Demonspawn Gladiator on Mar 22, 2024.
             Was a Believer of Uskayaw.
             Slain by a two-headed ogre
             ... wielding a +0 giant spiked club
              (16 damage)
             ... on level 8 of the Dungeon.
             The game lasted 00:10:27 (6430 turns).

Orlauf the Fighter (Demonspawn Gladiator)           Turns: 6430, Time: 00:10:27

Health: -3/75      AC: 21    Str: 22    XL:     9   Next: 67%
Magic:  21/21      EV: 11    Int:  7    God:    Uskayaw [**....]
Gold:   1243       SH:  0    Dex: 15    Spells: 8/8 levels left

rFire   + . .        a - +9 war axe "Seheiseg" {protect, rElec rN+ Str+4 Int-2}
rCold   . . .        (no shield)
rNeg    + . .        G - +0 swamp dragon scales
rPois   +            w - +1 helmet
rElec   +            y - +1 cloak
rCorr   .            (no gloves)
SInv    .            (no boots)
Will    .....        i - amulet of faith
Stlth   +            c - ring of magical power
HPRegen 0.32/turn    B - ring of protection from fire
MPRegen 0.17/turn

%: faith
@: under a protective aura
A: claws 1, icy blue scales 1, ignite blood 2
a: Renounce Religion, Stomp, Line Pass


You were on level 8 of the Dungeon.
You worshipped Uskayaw.
Uskayaw was noncommittal.
You visited 1 branch of the dungeon, and saw 8 of its levels.

You collected 1360 gold pieces.
You spent 117 gold pieces at shops.

Inventory:

Hand Weapons
 a - the +9 war axe "Seheiseg" (weapon) {protect, rElec rN+ Str+4 Int-2}
   (You found it on level 2 of the Dungeon)

   Str+4:     It affects your strength (+4).
   Int-2:     It affects your intelligence (-2).
   rElec:     It insulates you from electricity.
   rN+:       It protects you from negative energy.
 b - a +8 heavy flail
 m - a +0 war axe
Missiles
 e - a javelin
 l - 32 poisoned darts
Armour
 w - a +1 helmet (worn)
 y - a +1 cloak (worn)
 G - +0 swamp dragon scales (worn)
Jewellery
 c - a ring of magical power (left claw)
 h - a ring of protection from fire
 i - an amulet of faith (around neck)
 B - a ring of protection from fire (right claw)
 C - an amulet of reflection
Wands
 u - a wand of paralysis (13)
 F - a wand of iceblast (11)
Scrolls
 f - a scroll of teleportation
 j - 4 scrolls of enchant armour
 k - a scroll of fear
 z - 2 scrolls of fog
 A - a scroll of enchant weapon
 H - a scroll of blinking {unknown}
Potions
 g - a potion of lignification {unknown}
 n - 3 potions of enlightenment
 o - a potion of magic {unknown}
 p - a potion of curing {unknown}
 q - 2 potions of mutation
 r - 3 potions of attraction
 s - 2 potions of might {unknown}
 t - 2 potions of haste
 v - a potion of invisibility {unknown}
 x - a potion of heal wounds {unknown}
 D - a potion of ambrosia {unknown}
 E - a potion of brilliance {unknown}


   Skills:
 + Level 8.7 Fighting
 * Level 8.5 Axes
 - Level 1.7 Throwing
 + Level 4.3 Armour
 - Level 2.6 Dodging
 + Level 5.1 Invocations


You had 8 spell levels left.
You didn't know any spells.
Your spell library contained the following spells:

 Spells                   Type           Power      Damage    Failure   Level
 Magic Dart               Conj           0%         1d3       58%         1
 Sting                    Conj/Alch      0%         1d3       58%         1
 Mercury Vapours          Alch/Air       0%         N/A       73%         2
 Searing Ray              Conj           0%         2d4       73%         2
 Passwall                 Erth           0%         N/A       91%         3
 Volatile Blastmotes      Fire/Tloc      0%         2d10      91%         3
 Fulminant Prism          Conj/Alch      0%         3d5       100%        4
 Olgreb's Toxic Radiance  Alch           0%         N/A       100%        4
 Vhi's Electric Charge    Tloc/Air       0%         N/A       100%        4
 Arcjolt                  Conj/Air       0%         1d10      100%        5
 Bombard                  Conj/Erth      0%         9d1       100%        6
 Plasma Beam              Fire/Air       0%         2x1d10    100%        6


Dungeon Overview and Level Annotations

Branches:
Dungeon (8/15)             Temple (0/1) D:7
   Lair: D:8-11

Altars:
Ashenzari
Cheibriados
Gozag
Okawaru
Qazlal
Uskayaw
Wu Jian
Xom
Yredelemnul

Shops:
D:3 [   D:8 *(

Annotations:
D:7 2 transporters, Dowan, Duvessa
D:8 3 runed translucent doors, DeathSocks's ghost, novice DEHs


Innate Abilities, Weirdness & Mutations

You have sharp fingernails.
You are partially covered in icy blue scales. (AC +2)
Your demonic aura often causes spilled blood to erupt in flames.


Message History

No target in view!
No target in view!
No target in view!
No target in view!
No target in view!
No target in view!
Things that are here:
a +0 trident; a +0 leather armour You now have 1243 gold pieces (gained 13).
A two-headed ogre comes into view.
It is wielding a +0 giant spiked club and a +0 giant club.
The two-headed ogre shouts in stereo!
You throw a throwing net.
The throwing net barely misses the two-headed ogre.
You throw a throwing net.
The throwing net barely misses the two-headed ogre.
You throw a throwing net.
The throwing net barely misses the two-headed ogre.
The two-headed ogre hits you with a +0 giant spiked club!
The two-headed ogre hits you with a +0 giant club!!
You barely miss the two-headed ogre.
The two-headed ogre is engulfed in blazing flames.
The two-headed ogre hits you with a +0 giant spiked club!
The two-headed ogre hits you but does no damage.
You slash the two-headed ogre!
Your weapon exudes an aura of protection.
The two-headed ogre is moderately wounded.
The two-headed ogre is engulfed in blazing flames.
The two-headed ogre hits you with a +0 giant spiked club!
* * * LOW HITPOINT WARNING * * *
The two-headed ogre hits you with a +0 giant club.
* * * LOW HITPOINT WARNING * * *
You slash the two-headed ogre!
The two-headed ogre is severely wounded.
You can now pass through a line of other dancers.
You hit the two-headed ogre.
The two-headed ogre is almost dead.
The two-headed ogre misses you.
The two-headed ogre hits you with a +0 giant club!
You die...
Your body falls in perfect tune with the rhythm.

### #(# #.# #.#
#############.#
#.............######.
###.###........O°......
#..............@# #..
##### ###.###.#######.#
#... #...#
####.##....#####.#
#...##...###
.........#.......#
#...........
####.....#######.##
#........... #######
#..# #......~.### #..##
#........# #...#
#........#
#.#.###........#


You could see a two-headed ogre.

Vanquished Creatures
  Pikel (D:4)
  Maggie (D:7)
  Edmund (D:4)
  A steam dragon (D:7)
  An acid dragon (D:8)
  4 sky beasts
  3 ice beasts
  2 centaurs
  A lemure (D:4)
  2 kobold brigands
  A bullfrog (D:6)
  5 scorpions
  3 bombardier beetles
  A gnoll bouda (D:5)
  3 orc priests
  3 hounds
  A sleepcap (D:6)
  2 iguanas
  4 orc wizards
  Robin (D:4)
  6 gnolls
  2 adders
  11 river rats (D:6)
  3 shadow imps
  2 white imps
  2 ufetubi (D:6)
  A dart slug (D:1)
  A ribbon worm (D:2)
  27 orcs
  8 ball pythons
  6 bats
  11 endoplasms
  3 giant cockroaches
  7 hobgoblins
  4 jackals (D:3)
  16 kobolds
  9 quokkas
  4 frilled lizards
  15 goblins
  14 rats
193 creatures vanquished.

Notes
Turn   | Place    | Note
-------+----------+-------------------------------------------
     0 | D:1      | Orlauf the Demonspawn Gladiator began the quest for the
                  | Orb.
     0 | D:1      | Reached XP level 1. HP: 16/16 MP: 1/1
   120 | D:1      | Gained mutation: Your demonic aura sometimes causes spilled
                  | blood to erupt in flames. [demonic ancestry]
   120 | D:1      | Reached XP level 2. HP: 23/23 MP: 2/2
  1189 | D:2      | Reached XP level 3. HP: 25/29 MP: 3/3
  1369 | D:2      | Identified the +9 war axe "Seheiseg" {protect, rElec rN+
                  | Str+4 Int-2}
  1837 | D:3      | Reached XP level 4. HP: 37/37 MP: 4/4
  2062 | D:3      | Found an opulent altar of Gozag.
  2086 | D:3      | Found a snail-covered altar of Cheibriados.
  2092 | D:3      | Identified the +6 sling of the Unseen Realm {drain, rCorr
                  | Int+3 Dex-3 Stlth+}
  2170 | D:3      | Identified the blade talisman "Miwn" {Int+5}
  2381 | D:3      | Found Zykleng's Antique Armour Boutique.
  2428 | D:3      | Identified a scroll of acquirement
  2428 | D:3      | Acquired 918 gold pieces
  2447 | D:4      | Noticed Edmund
  2453 | D:4      | Noticed Robin
  2468 | D:4      | Killed Edmund
  2469 | D:4      | Reached skill level 5 in Fighting
  2469 | D:4      | Gained mutation: You are partially covered in icy blue
                  | scales. (AC +2) [demonic ancestry]
  2469 | D:4      | Reached XP level 5. HP: 44/44 MP: 5/5
  2474 | D:4      | Killed Robin
  2536 | D:4      | Noticed a lemure
  2536 | D:4      | Noticed a lemure
  2537 | D:4      | Noticed Pikel
  2542 | D:4      | Killed a lemure
  2542 | D:4      | Noticed a lemure
  2544 | D:4      | Noticed a lemure
  2553 | D:4      | Killed Pikel
  2554 | D:4      | Reached skill level 5 in Axes
  2554 | D:4      | Gained mutation: You have sharp fingernails. [demonic
                  | ancestry]
  2554 | D:4      | Reached XP level 6. HP: 21/53 MP: 6/6
  2554 | D:4      | Gained mutation: Your demonic aura often causes spilled
                  | blood to erupt in flames. [demonic ancestry]
  2554 | D:4      | Reached XP level 7. HP: 24/59 MP: 7/7
  2978 | D:4      | Found a basalt altar of Yredelemnul.
  3146 | D:3      | Bought a cloak for 117 gold pieces
  3207 | D:5      | Entered Level 5 of the Dungeon
  3405 | D:5      | Reached skill level 1 in Armour
  3431 | D:5      | Reached XP level 8. HP: 67/67 MP: 8/8
  3904 | D:6      | Found a stormy altar of Qazlal.
  3905 | D:6      | Found an iron altar of Okawaru.
  3907 | D:6      | Found a hide-covered altar of Uskayaw.
  3925 | D:6      | Became a worshipper of Uskayaw the Reveller
  4059 | D:6      | Reached * piety under Uskayaw
  4146 | D:6      | Reached ** piety under Uskayaw
  4147 | D:6      | Reached skill level 1 in Invocations
  4178 | D:6      | Reached *** piety under Uskayaw
  4181 | D:6      | Reached **** piety under Uskayaw
  4185 | D:6      | Reached ***** piety under Uskayaw
  4196 | D:6      | Reached ****** piety under Uskayaw
  4458 | D:6      | Found an ornate altar of the Wu Jian Council.
  4818 | D:7      | Found a staircase to the Ecumenical Temple.
  4886 | D:7      | Found a transporter.
  4890 | D:7      | Noticed a centaur warrior
  4893 | D:7      | Noticed a gargoyle
  4894 | D:7      | Noticed Dowan
  4896 | D:7      | Noticed Duvessa
  4902 | D:7      | Noticed a kobold demonologist
  4921 | D:7      | Reached XP level 9. HP: 74/74 MP: 11/11
  5002 | D:7      | Noticed Maggie
  5010 | D:7      | Killed Maggie
  5215 | D:7      | Found a transporter.
  5294 | D:7      | Found a broken altar of Ashenzari.
  5727 | D:8      | Found a runed translucent gate.
  5727 | D:8      | Found a runed translucent gate.
  5727 | D:8      | Found a runed translucent gate.
  5729 | D:8      | Found a shimmering altar of Xom.
  5729 | D:8      | Noticed DeathSocks's ghost (novice DEHs)
  6001 | D:8      | Found Xoiryaz's Weapon Emporium.
  6294 | D:8      | Reached skill level 5 in Invocations
  6327 | D:8      | Found Xymo's General Store.
  6421 | D:8      | Noticed a two-headed ogre
  6430 | D:8      | Slain by a two-headed ogre

Illustrated notes

Levels and vault maps discovered:
D:1:      onia_arrival_mini_maze_b, layout_basic
D:2:      layout_loops_corners, serial_bayou_pond_e, minmay_joined_circles
D:3:      layout_basic, nicolae_overflow_crystal_walls,
          nicolae_gozag_seed_capital, serial_shops,
          nicolae_shop_overgrown_old_shop, serial_bayou_crossing
D:4:      layout_rooms, kennysheep_mini_moat, uniq_edmund, uniq_pikel,
          uniq_robin
D:5:      layout_loops_ring
D:6:      lemuel_ratsnest, layout_basic, grunt_temple_overflow_open,
          nicolae_wu_jian_glorious_leap, kennysheep_another_room
D:7:      gammafunk_the_bubble [the_bubble_gammafunk_plus_minus], layout_basic,
          marbit_many_paths, minmay_temple_entry_mini_moons, minmay_hedge_maze,
          grunt_decor_resistance, corexii_corridor_pit, uniq_maggie,
          uniq_duvessa
D:8:      minmay_octagon_keep, layout_basic, brannock_xom_greatest_gift,
          ebering_ghost_rock_garden, serial_shops, kennysheep_little_box,
          nicolae_inconvenience_store, grunt_decor_arrowhead,
          serial_library_hellmonk_h_bend

Skill      XL: |  1  2  3  4  5  6  7  8  9 |
---------------+----------------------------+-----
Axes           | 3 4 5 7 8 |  8.5
Fighting       | 3 5 6 7 8 |  8.7
Armour         | 1 3 4 |  4.3
Invocations    | 3 5 |  5.1
Throwing       | |  1.7
Dodging        | |  2.6

Action                     |  1- 3 |  4- 6 |  7- 9 || total
---------------------------+-------+-------+-------++-------
  Melee: War axe           |   113 |    59 |   223 ||   395
  Throw: Throwing net      |       |     2 |     3 ||     5
    Use: Scroll            |     5 |     3 |     6 ||    14
         Potion            |       |       |     1 ||     1
   Stab: Sleeping          |     3 |       |       ||     3
         Held in net/web   |       |     1 |       ||     1
         Paralysed         |       |       |     8 ||     8
 Armour: Leather armour    |    61 |       |       ||    61
         Scale mail        |    18 |    32 |       ||    50
         Chain mail        |       |    16 |   116 ||   132
         Swamp dragon scal |       |       |    53 ||    53
  Dodge: Dodged            |    82 |    24 |   104 ||   210

Table legend: (Time is in decaauts)
 A = Elapsed time spent in this place.
 B = Non-inter-level travel time spent in this place.
 C = Inter-level travel time spent in this place.
 D = Time resting spent in this place.
 E = Time spent auto-exploring this place.
 F = Levels seen in this place.
 G = Mean time per level.
                   A        B        C        D        E       F      G
               +--------+--------+--------+--------+--------+-----+--------+
         Total |   6528 |   6259 |    269 |    152 |   4925 |   8 |  816.0 |
       Dungeon |   6528 |   6259 |    269 |    152 |   4925 |   8 |  816.0 |
               +--------+--------+--------+--------+--------+-----+--------+

Top non-repeatable levels by time:
     D:6: 992 daAuts
     D:2: 963 daAuts
     D:7: 892 daAuts
     D:1: 869 daAuts
     D:8: 731 daAuts
     D:3: 730 daAuts
     D:4: 710 daAuts
     D:5: 638 daAuts
